Map: [ESL] Dynasty

Players

HeroMarine

  • Race: Terran Terran
  • Spawn Location: 1:00

goblin - Winner!

  • Race: Protoss Protoss
  • Spawn Location: 7:00

Event: ESL SC2 Masters 2024 Spring (Regional)

VOD

Have the link to the VOD?

Description

Time

  • Played on: April 13, 2024, 10:31 a.m.
  • Length: 12:22

All games in this series

Show
View Real Time Build Order
Export as new Build Order

HeroMarine Terran 

Build Orders: 1/1/1 

Get SALT Encoding   

  12  0:00  SCV  
  13  0:12  SCV  
  14  0:16  Supply Depot  
  14  0:24  SCV  
  15  0:38  SCV  
  15  0:40  Barracks  
  15  0:42  Refinery  
  16  0:50  SCV  
  16  0:53  Refinery  
  17  1:02  SCV  
  18  1:14  SCV  
  19  1:27  Reaper, Orbital Command  
  20  1:41  Factory  
  20  1:51  Supply Depot  
  20  1:53  SCV  
  21  2:00  Barracks Reactor  
  21  2:05  SCV  
  22  2:15  Command Center  
  22  2:19  SCV  
  23  2:29  Starport  
  23  2:31  SCV  
  23  2:36  Supply Depot  
  24  2:42  Widow Mine  
  24  2:43  SCV  
  27  2:45  Marine  
  27  2:47  Marine  
  29  2:55  SCV  
  30  3:03  Marine  
  30  3:05  Medivac, Marine  
  32  3:07  Widow Mine  
  32  3:08  SCV  
  36  3:20  SCV  
  36  3:21  Marine  
  36  3:23  Marine  
  39  3:30  Factory Tech Lab  
  39  3:32  SCV  
  39  3:33  Orbital Command  
  40  3:36  Starport Tech Lab  
  40  3:38  Marine  
  40  3:41  Marine  
  42  3:44  SCV  
  42  3:48  Siege Tank  
  42  3:51  Barracks  
  45  3:56  Marine  
  45  3:57  SCV  
  45  3:58  Marine  
  45  3:59  SCV  
  49  4:02  Refinery  
  49  4:06  Raven  
  49  4:09  SCV  
  52  4:12  SCV  
  52  4:15  Marine  
  52  4:16  Marine  
  54  4:21  SCV  
  54  4:32  Bunker  
  54  4:34  Supply Depot  
  52  4:40  SCV x2  
  52  4:42  Bunker  
  54  4:47  Supply Depot  
  54  4:49  Stimpack  
  54  4:55  Marine x3  
  54  4:56  SCV x2, Siege Tank  
  61  5:08  SCV, Barracks  
  61  5:09  SCV  
  61  5:13  Marine x2  
  61  5:14  Marauder  
  65  5:16  Supply Depot  
  65  5:18  Medivac  
  65  5:20  SCV  
  65  5:21  SCV  
  62  5:31  Siege Tank, Marine x2  
  62  5:32  SCV  
  62  5:33  SCV  
  62  5:35  Marauder  
  70  5:44  SCV  
  70  5:45  SCV  
  70  5:49  Starport Reactor, Marine x2  
  74  5:55  Engineering Bay  
  74  5:56  SCV, Marauder  
  77  5:57  SCV  
  78  6:07  Command Center  
  78  6:10  Starport Reactor  
  78  6:14  Combat Shield  
  78  6:15  Supply Depot x2, Marine  
  78  6:16  SCV  
  82  6:18  Marine  
  82  6:22  Marauder x2  
  82  6:23  Terran Infantry Weapons Level 1, Factory Reactor  
  82  6:25  SCV  
  86  6:28  SCV  
  84  6:36  Marine x2  
  84  6:37  SCV  
  84  6:40  SCV  
  84  6:44  Marauder x2  
  91  6:48  Viking  
  91  6:49  Medivac  
  91  6:54  Marine  
  93  6:55  SCV x2  
  93  7:01  Widow Mine x2  
  99  7:05  Supply Depot, Marauder  
  99  7:09  Marauder  
  99  7:10  Marine  
  102  7:19  Medivac  
  104  7:26  SCV x2  
  104  7:27  Marauder  
  104  7:29  Orbital Command  
  106  7:33  Barracks  
  106  7:34  Concussive Shells, Marauder  
  106  7:35  Barracks  
  108  7:40  Widow Mine  
  108  7:41  Widow Mine  
  108  7:42  Medivac  
  108  7:44  Marine x2  
  113  7:48  SCV, Supply Depot  
  113  7:49  SCV  
  115  7:55  Supply Depot  
  115  7:57  Orbital Command  
  115  8:00  SCV, Supply Depot  
  115  8:01  SCV, Marauder x2  
  118  8:06  Marine x2  
  119  8:12  SCV  
  119  8:13  SCV  
  119  8:15  Viking x2  
  125  8:22  SCV, Marauder x2  
  125  8:25  SCV, Barracks Tech Lab  
  126  8:28  SCV  
  126  8:30  Factory Tech Lab  
  127  8:34  SCV  
  127  8:35  Terran Infantry Armor Level 1  
  127  8:37  SCV  
  127  8:40  SCV  
  128  8:42  Refinery x2, Marine x2  
  128  8:43  Marauder  
  128  8:44  Marauder  
  128  8:45  Marauder  
  128  8:46  SCV  
  137  8:49  SCV  
  137  8:55  Viking  
  140  9:00  Marine x2  
  124  9:05  Marauder x2  
  124  9:08  Marine x2  
  117  9:11  Marine  
  117  9:13  SCV x2  
  117  9:14  SCV  
  109  9:18  Marine  
  109  9:22  Marine  
  97  9:25  SCV x2  
  97  9:26  Marauder x2, Marine  
  97  9:29  Marauder  
  97  9:31  Marine  
  95  9:34  Siege Tank  
  95  9:36  Marine  
  100  9:40  Marine  
  100  9:43  Medivac x2  
  100  9:44  Marine  
  104  9:48  Marauder x2  
  104  9:49  Marine  
  104  9:51  Marauder  
  111  9:54  Marine  
  111  9:58  Marine  
  113  10:02  Marine  
  113  10:07  Marine  
  113  10:08  SCV x3  
  113  10:09  Marauder x2  
  113  10:11  Command Center  
  113  10:12  Marauder, Marine  
  121  10:15  Medivac x2  
  124  10:27  Sensor Tower  
  118  10:30  SCV, Marauder  
  118  10:31  SCV x2, Marauder  
  118  10:35  Marine x2  
  120  10:42  SCV  
  123  10:43  SCV, Siege Tank  
  123  10:44  SCV, Marauder  
  130  10:52  Marauder x2  
  130  10:54  SCV  
  135  11:00  Ghost Academy  
  134  11:09  Viking x2  
  137  11:17  Siege Tank  
  138  11:25  SCV  
  138  11:26  SCV x2  
  138  11:30  Ghost x3  
  126  11:52  Marine  
  126  11:53  Marine  
  126  11:54  SCV x2  
  130  11:56  SCV  
  130  11:57  Marine  
  130  11:58  Marine  
  130  11:59  Marauder x2  
Show
View Real Time Build Order
Export as new Build Order

goblin Protoss - Winner!

Build Orders: 1 Gate Expand, Blink Stalkers 

Get SALT Encoding   

  12  0:00  Probe  
  13  0:12  Probe  
  14  0:17  Pylon  
  14  0:24  Probe (Chrono Boost)  
  15  0:36  Probe (Chrono Boost), Gateway  
  16  0:43  Probe (Chrono Boost)  
  16  0:45  Assimilator  
  17  0:50  Probe  
  18  1:03  Probe  
  19  1:15  Probe  
  20  1:24  Cybernetics Core  
  20  1:32  Nexus  
  20  1:34  Probe  
  21  1:43  Pylon  
  21  1:46  Probe  
  22  1:50  Assimilator  
  22  1:58  Adept (Chrono Boost)  
  22  1:59  Probe  
  25  2:02  Warp Gate  
  25  2:11  Probe  
  26  2:20  Twilight Council, Adept (Chrono Boost)  
  28  2:26  Probe  
  29  2:38  Probe  
  30  2:45  Shield Battery  
  30  2:46  Stalker  
  30  2:49  Probe  
  30  2:50  Probe  
  34  2:54  Blink (Chrono Boost)  
  34  3:01  Probe  
  35  3:07  Probe  
  35  3:12  Gateway  
  36  3:13  Probe  
  37  3:20  Probe  
  37  3:23  Robotics Facility  
  37  3:26  Probe  
  39  3:33  Probe  
  40  3:36  Pylon  
  40  3:43  Gateway  
  40  3:45  Gateway  
  40  3:49  Probe x2  
  40  3:52  Stalker  
  44  4:01  Probe x2  
  46  4:06  Stalker  
  48  4:13  Probe x2  
  47  4:20  Warp Prism (Chrono Boost)  
  49  4:25  Probe  
  50  4:32  Probe  
  50  4:35  Pylon  
  51  4:38  Stalker  
  53  4:47  Assimilator, Probe  
  53  4:48  Pylon  
  54  4:53  Probe  
  55  5:14  Stalker x4  
  60  5:19  Pylon, Probe x2  
  64  5:31  Probe  
  64  5:32  Probe  
  64  5:33  Pylon  
  66  5:43  Stalker x3, Nexus  
  66  5:48  Stalker  
  72  5:54  Probe x2  
  72  5:56  Charge  
  74  6:11  Probe x2 (Chrono Boost)  
  74  6:13  Observer (Chrono Boost)  
  74  6:14  Robotics Bay  
  77  6:19  Pylon  
  77  6:21  Probe x2 (Chrono Boost)  
  79  6:26  Observer (Chrono Boost), Probe x2 (Chrono Boost)  
  82  6:38  Probe  
  83  6:40  Immortal (Chrono Boost)  
  83  6:46  Gateway  
  87  6:50  Pylon, Gateway x2  
  87  6:52  Gateway  
  87  6:53  Pylon  
  85  7:02  Zealot x3, Sentry  
  93  7:08  Colossus (Chrono Boost)  
  93  7:13  Probe x2  
  101  7:15  Assimilator  
  101  7:17  Pylon  
  101  7:18  Shield Battery  
  101  7:28  Zealot  
  101  7:29  Zealot x3  
  107  7:35  Extended Thermal Lance  
  107  7:38  Pylon  
  105  7:47  Colossus (Chrono Boost)  
  111  7:52  Zealot x7  
  125  8:03  Forge  
  121  8:05  Forge  
  121  8:12  Zealot x6  
  131  8:14  Zealot  
  131  8:16  Zealot  
  135  8:33  Pylon  
  133  8:34  Pylon  
  133  8:42  Zealot x4  
  133  8:46  Protoss Ground Weapons Level 1 (Chrono Boost), Protoss Ground Armor Level 1 (Chrono Boost)  
  133  8:47  Pylon  
  141  8:53  Zealot x3  
  147  9:01  Nexus  
  121  9:14  Zealot x8  
  95  9:18  Observer  
  95  9:19  Observer, Colossus (Chrono Boost)  
  95  9:23  Probe  
  90  9:26  Zealot  
  90  9:27  Zealot x7  
  90  9:28  Pylon  
  94  9:36  Probe x2  
  94  9:37  Robotics Facility, Probe  
  95  9:48  Probe  
  96  9:56  Warp Prism (Chrono Boost)  
  96  9:57  Sentry, Stalker x3  
  106  10:02  Stalker x4  
  111  10:34  Zealot x6  
  111  10:35  Zealot x2  
  127  10:38  Colossus (Chrono Boost)  
  127  10:41  Colossus (Chrono Boost)  
  131  10:46  Probe  
  131  10:47  Probe x2  
  131  10:48  Pylon  
  140  10:50  Nexus  
  140  10:57  Observer  
  138  11:04  Zealot x4  
  138  11:10  Observer  
  146  11:15  Stalker x3  
  150  11:21  Observer (Chrono Boost)  
  150  11:22  Probe x2  
  153  11:25  Immortal (Chrono Boost)  
  153  11:27  Zealot, Stalker x3  
  142  11:48  Zealot x3  
  142  11:49  Zealot x2  
  142  11:50  Zealot x3  
  144  12:10  Zealot  
  144  12:11  Zealot x7  
Tags
 
Add a new tag
Caveats
  • Supply blocks, unpowered buildings, or Contaminate may cause inaccurate times.
  • Supply counts are checked every 10 seconds.